Map: Abyssal Reef LE

Players

Neeb

  • Race: Protoss Protoss
  • League: Master
  • Spawn Location: 11:00

Kelazhur - Winner!

  • Race: Terran Terran
  • League: Master
  • Spawn Location: 5:00

VOD

Have the link to the VOD?

Description

Time

  • Played on: Dec. 23, 2017, 8:23 p.m.
  • Length: 12:51
Show
View Real Time Build Order
Export as new Build Order

Neeb Protoss 

Build Orders: 1 Gate Expand 

Get SALT Encoding   

  12  0:00  Probe  
  13  0:12  Probe  
  14  0:18  Pylon  
  14  0:24  Probe (Chrono Boost)  
  15  0:37  Gateway, Probe (Chrono Boost)  
  16  0:44  Probe (Chrono Boost)  
  16  0:47  Assimilator  
  17  0:51  Probe  
  18  1:03  Probe  
  19  1:15  Probe  
  20  1:23  Nexus  
  20  1:33  Cybernetics Core  
  20  1:35  Probe  
  21  1:46  Assimilator  
  21  1:47  Probe  
  22  1:54  Pylon  
  22  2:00  Probe  
  23  2:09  Stalker (Chrono Boost)  
  23  2:12  Probe  
  23  2:15  Warp Gate  
  26  2:24  Probe  
  26  2:28  Robotics Facility  
  27  2:33  Stalker (Chrono Boost)  
  27  2:36  Probe  
  30  2:39  Probe  
  31  2:48  Probe  
  32  2:51  Probe  
  32  2:54  Stalker (Chrono Boost)  
  34  3:00  Probe  
  34  3:03  Probe  
  36  3:15  Gateway  
  36  3:16  Gateway  
  37  3:21  Pylon  
  37  3:22  Stalker (Chrono Boost)  
  37  3:27  Observer (Chrono Boost)  
  39  3:28  Probe  
  39  3:30  Probe  
  40  3:36  Pylon  
  40  3:40  Probe  
  39  3:43  Probe  
  39  3:48  Observer (Chrono Boost)  
  41  3:52  Assimilator, Probe  
  41  3:54  Assimilator  
  41  3:55  Probe  
  43  4:04  Warp Prism, Probe  
  43  4:07  Probe  
  47  4:17  Stalker x2  
  47  4:19  Probe x2  
  47  4:24  Stalker  
  55  4:31  Pylon, Probe x2  
  57  4:43  Probe x2  
  54  4:55  Probe x2  
  56  5:07  Probe x2  
  56  5:08  Observer  
  56  5:13  Pylon  
  59  5:16  Nexus, Robotics Bay  
  59  5:19  Probe x2  
  61  5:25  Adept  
  61  5:26  Sentry  
  61  5:27  Adept  
  67  5:31  Pylon  
  67  5:34  Pylon  
  69  5:36  Immortal (Chrono Boost)  
  69  5:41  Probe  
  71  5:44  Probe  
  71  5:46  Pylon  
  72  5:53  Probe  
  72  5:56  Probe  
  72  6:05  Colossus (Chrono Boost), Probe  
  72  6:10  Sentry  
  81  6:12  Twilight Council  
  81  6:13  Probe  
  81  6:14  Forge  
  81  6:17  Sentry  
  84  6:19  Probe  
  84  6:25  Probe  
  86  6:26  Charge (Chrono Boost)  
  86  6:32  Gateway  
  87  6:35  Gateway  
  87  6:36  Protoss Ground Armor Level 1 (Chrono Boost)  
  87  6:38  Gateway  
  86  6:40  Gateway  
  86  6:45  Stalker x2  
  90  6:52  Stalker  
  92  6:57  Immortal  
  96  7:03  Pylon  
  96  7:08  Pylon, Zealot x2  
  100  7:16  Zealot  
  100  7:20  Templar Archives  
  101  7:30  Adept  
  101  7:32  Zealot  
  101  7:35  Immortal (Chrono Boost)  
  109  7:46  Zealot x5  
  109  7:47  Probe x3  
  118  8:06  Zealot x2  
  118  8:07  Zealot x2, High Templar x2  
  118  8:11  Archon  
  127  8:14  Pylon x2  
  122  8:29  Protoss Ground Armor Level 2 (Chrono Boost)  
  122  8:32  Pylon x2  
  122  8:40  Zealot x2  
  126  8:51  Nexus  
  126  8:52  Psionic Storm  
  126  8:54  Pylon, High Templar x2  
  130  8:58  Probe x2  
  132  9:04  High Templar  
  132  9:10  Probe x2  
  132  9:17  Pylon  
  132  9:19  Pylon  
  132  9:22  Probe  
  133  9:31  Zealot  
  133  9:38  Zealot x4  
  133  9:39  Zealot  
  133  9:44  Pylon x2  
  143  9:54  Stalker  
  143  9:55  Stalker  
  142  10:13  Zealot x2, High Templar x2  
  144  10:17  Archon  
  144  10:19  Zealot x2  
  131  10:39  Stalker x4  
  119  10:44  Zealot  
  113  10:54  High Templar  
  113  10:55  Zealot  
  115  11:09  Zealot x3  
  100  11:26  High Templar  
  100  11:29  Zealot x4  
  90  11:51  Zealot x4  
  80  11:58  Probe x2  
  65  12:12  Nexus  
Show
View Real Time Build Order
Export as new Build Order

Kelazhur Terran - Winner!

Build Orders: Gas First Reaper Expand, Reaper Expand, MMM Bio 

Get SALT Encoding   

  12  0:00  SCV  
  13  0:12  SCV  
  14  0:17  Supply Depot  
  14  0:25  SCV  
  14  0:28  Refinery  
  15  0:38  SCV  
  16  0:44  Barracks  
  16  0:50  SCV  
  17  1:02  SCV  
  18  1:15  SCV  
  19  1:32  Reaper, Orbital Command  
  20  1:46  Command Center  
  20  1:55  Factory  
  20  1:58  SCV  
  21  2:06  Barracks Reactor  
  21  2:08  Supply Depot  
  21  2:12  SCV  
  22  2:16  Refinery  
  22  2:24  SCV  
  23  2:36  SCV  
  24  2:43  Starport  
  24  2:46  Hellion x2  
  24  2:49  SCV  
  29  2:59  Marine  
  29  3:01  Orbital Command  
  29  3:03  SCV  
  31  3:09  Widow Mine  
  31  3:10  Widow Mine  
  34  3:17  Marine  
  35  3:20  SCV  
  35  3:24  Medivac  
  38  3:35  SCV  
  38  3:38  Widow Mine x2  
  43  3:45  SCV  
  43  3:47  SCV  
  44  3:49  Barracks Tech Lab  
  44  3:53  Supply Depot  
  44  3:55  Bunker  
  44  3:57  SCV  
  44  3:59  SCV  
  46  4:15  Supply Depot, Siege Tank, SCV  
  46  4:18  Marine  
  46  4:19  Marine  
  48  4:26  SCV  
  48  4:27  SCV  
  48  4:29  Barracks  
  48  4:30  Barracks  
  50  4:38  Supply Depot, SCV  
  51  4:39  SCV  
  51  4:42  Marine x2  
  54  4:50  SCV  
  55  4:54  Siege Tank  
  55  4:57  SCV  
  55  5:00  Marine x2  
  55  5:04  Viking  
  53  5:07  SCV  
  53  5:08  Engineering Bay  
  53  5:09  SCV  
  55  5:18  Marine x2  
  57  5:22  SCV  
  57  5:23  Barracks Tech Lab x2  
  57  5:24  SCV  
  57  5:25  Refinery  
  59  5:34  SCV  
  60  5:36  Marine x2, SCV  
  60  5:40  Siege Tank, Starport Reactor  
  66  5:44  Refinery  
  66  5:46  SCV, Combat Shields  
  66  5:47  Marine x2, Stimpack  
  66  5:48  SCV  
  70  5:58  Terran Infantry Weapons Level 1  
  70  5:59  Supply Depot  
  70  6:00  Marine  
  70  6:17  Marine  
  70  6:18  SCV x2, Marauder x2  
  77  6:19  Supply Depot, Marine  
  77  6:23  Siege Tank  
  81  6:27  Medivac  
  81  6:30  SCV x2  
  81  6:31  Supply Depot  
  85  6:35  Marine  
  86  6:40  Marine x3, Medivac  
  86  6:43  Supply Depot  
  91  6:52  Command Center  
  91  6:53  Marine  
  92  6:58  Marine  
  93  7:03  SCV x2  
  93  7:05  Marine  
  93  7:06  Concussive Shells, Marauder  
  98  7:11  Marine  
  98  7:13  Medivac x2  
  103  7:16  Marine  
  103  7:21  Missile Turret  
  103  7:32  Marine x2  
  103  7:33  Marauder  
  103  7:36  Marauder  
  109  7:39  SCV, Barracks  
  109  7:40  Barracks  
  110  7:52  Bunker  
  110  7:55  Bunker  
  110  8:03  SCV  
  110  8:04  Supply Depot, Marauder  
  110  8:05  Terran Infantry Armor Level 1  
  113  8:07  Supply Depot  
  113  8:09  Orbital Command  
  113  8:11  Marine  
  113  8:12  Marauder  
  116  8:24  SCV  
  117  8:29  Orbital Command, Marine x2, Marauder  
  117  8:33  Marine, Medivac x2  
  126  8:34  SCV  
  126  8:38  Armory  
  127  8:42  Supply Depot  
  127  8:43  Barracks Reactor  
  127  8:44  Marauder  
  128  8:50  SCV  
  128  8:51  Marauder  
  131  8:57  Marine x2, Marauder  
  131  8:59  SCV  
  136  9:04  Supply Depot, SCV  
  136  9:05  Marauder  
  136  9:08  Supply Depot  
  139  9:11  Marine  
  139  9:15  SCV  
  139  9:17  Marine x2  
  139  9:19  Marauder  
  139  9:21  Supply Depot  
  139  9:22  SCV x2  
  145  9:27  Supply Depot, Marauder  
  147  9:38  Marine x4, Marauder, Medivac  
  152  9:39  Medivac, Factory Reactor  
  157  9:51  Bunker  
  157  9:52  Bunker  
  157  9:53  SCV  
  157  9:54  SCV  
  157  9:55  Marine x2, Marauder  
  157  9:58  Terran Infantry Weapons Level 2  
  163  10:02  Ghost Academy  
  159  10:10  Marine, Marauder  
  159  10:12  Marine  
  159  10:13  Marauder  
  159  10:14  Marine x2  
  156  10:19  Marauder  
  158  10:27  Marine, Widow Mine x2  
  163  10:32  Marine x2, Marauder  
  163  10:34  Marauder  
  169  10:36  Marine  
  169  10:37  Liberator  
  169  10:40  Marauder  
  169  10:42  Liberator  
  141  10:48  Widow Mine x2  
  138  10:50  Marine  
  138  10:51  Marine x2  
  138  10:53  Marauder  
  138  10:56  Marauder  
  147  11:00  Marine  
  147  11:01  Marauder  
  153  11:08  Marine  
  153  11:14  Marauder  
  153  11:17  Marine, Marauder  
  145  11:20  Marine, Liberator  
  145  11:21  Marine  
  145  11:23  Marauder, Widow Mine x2  
  145  11:24  Liberator  
  145  11:26  Marine  
  142  11:36  Marauder  
  142  11:38  Marauder  
  141  11:41  Marine x3  
  141  11:44  Marine, Marauder  
  111  11:57  Marauder  
  111  11:59  Marine x4, Widow Mine x2  
  114  12:02  Marine  
  114  12:05  Marine  
  116  12:11  Command Center  
  116  12:17  Marine x4  
  116  12:18  Marine  
  116  12:20  Marine  
  116  12:23  Marauder  
Tags
 
Add a new tag
Caveats
  • Supply blocks, unpowered buildings, or Contaminate may cause inaccurate times.
  • Supply counts are checked every 10 seconds.